 Dungeon Crawl Stone Soup version 0.27-a0-79-gcaaa221d37 (webtiles) character file.

Game seed: 9283734898777605716

49 Borgoz the Ducker (level 3, -3/30 HPs)
             Began as a Ghoul Gladiator on Jan 14, 2021.
             Slain by an ice beast (6 damage)
             ... on level 2 of the Dungeon.
             The game lasted 00:01:07 (1044 turns).

Borgoz the Ducker (Ghoul Gladiator)                 Turns: 1044, Time: 00:01:08

Health: -3/30      AC:  4    Str: 17    XL:     3   Next: 77%
Magic:  2/2        EV: 12    Int:  3    God:
Gold:   34         SH:  0    Dex: 11    Spells: 2/2 levels left

rFire    . . .     SeeInvis .   a - +0 long sword
rCold    + . .     Faith    .   (no shield)
rNeg     + + +     Spirit   .   b - +0 leather armour
rPois    ∞         Reflect  .   c - +0 helmet
rElec    .         Harm     .   (no cloak)
rCorr    .         Rampage  .   (no gloves)
Will     .....                  (no boots)
Stlth    +.........             (no amulet)
HPRegen  0.00/turn              (no ring)
MPRegen  0.08/turn              (no ring)

@: attractive
A: claws 1, cold resistance 1, negative energy resistance 3, inhibited
regeneration, torment resistance, unbreathing
a: no special abilities


You were on level 2 of the Dungeon.
You visited 1 branch of the dungeon, and saw 2 of its levels.

You collected 34 gold pieces.

Inventory:

Hand Weapons
 a - a +0 long sword (weapon)
Armour
 b - a +0 leather armour (worn)
 c - a +0 helmet (worn)
Scrolls
 f - a scroll of enchant weapon {unknown}
 g - a scroll of fear {unknown}
 h - 2 scrolls of identify {unknown}
 i - a scroll of blinking {unknown}
Potions
 e - a potion of attraction


   Skills:
 + Level 2.9 Fighting
 + Level 3.1 Long Blades
 - Level 1.7 Throwing
 + Level 1.2 Armour
 + Level 3.1 Dodging


You had 2 spell levels left.
You didn't know any spells.
Your spell library was empty.

Dungeon Overview and Level Annotations

Branches:
Dungeon (2/15)

Altars:


Innate Abilities, Weirdness & Mutations

You thrive by killing the living.
You are immune to poison.
You have sharp fingernails.
Your flesh is cold resistant. (rC+)
You are immune to negative energy. (rN+++)
You do not regenerate when monsters are visible.
You are immune to unholy pain and torment.
You can survive without breathing.


Message History

The ice beast struggles against the net.
You hit the ice beast.
The ice beast is severely wounded.
The ice beast struggles against the net. x2
The net rips apart, and the ice beast comes free!
You barely miss the ice beast.
The ice beast is severely wounded.
The ice beast hits you but does no damage.
It was a potion of attraction.
You feel attractive to monsters.
The ice beast hits you but does no damage.
You hit the ice beast but do no damage.
The ice beast is severely wounded.
The ice beast closely misses you.
You barely miss the ice beast.
The ice beast is severely wounded.
The ice beast hits you.
* * * LOW HITPOINT WARNING * * *
The ice beast freezes you. You resist.
You die...

... ... #.. .... .#
#$........ .###
#.....)...##### ... ....
....... .# #.. #...## .#
######..#######..####.#
###.......?.##.)@Y.....(.#
....# #....#####.###..
##..# #.##.......# #...##
###.##........ ..#..
+...##)........ ..#.#
#+###.##.......### ..#.#
#.# #.##?.....##
....###.###..#......#
..#.................#


You could see an ice beast.

Vanquished Creatures
  2 oozes
  2 worms (D:2)
  2 leopard geckos (D:1)
  A ball python (D:1)
  3 bats
  6 goblins
  3 hobgoblins (D:2)
  2 jackals (D:1)
  2 kobolds (D:2)
  9 rats
32 creatures vanquished.

Notes
Turn   | Place    | Note
-------+----------+-------------------------------------------
     0 | D:1      | Borgoz the Ghoul Gladiator began the quest for the Orb.
     0 | D:1      | Reached XP level 1. HP: 17/17 MP: 0/0
   112 | D:1      | Reached XP level 2. HP: 24/25 MP: 1/1
   572 | D:1      | Reached XP level 3. HP: 29/30 MP: 2/2
   718 | D:2      | Reached skill level 1 in Armour
  1023 | D:2      | Noticed an ice beast
  1044 | D:2      | Slain by an ice beast

Illustrated notes

Levels and vault maps discovered:
D:1:      dpeg_arrival_oval, layout_loops_ring, minmay_misc_feat_tiny
D:2:      cheibrodos_pilgrimage, layout_rooms, lemuel_doored_altar

Skill      XL: |  1  2  3 |
---------------+----------+-----
Dodging        | 3 |  3.1
Long Blades    | 3 |  3.1
Armour         | 1 |  1.2
Fighting       | |  2.9
Throwing       | |  1.7

Action                   || total
-------------------------++-------
Melee: Long sword        ||   103
Throw: Throwing net      ||     4
  Use: Potion            ||     1
 Stab: Held in net/web   ||     2
Armor: Leather armour    ||    35
Dodge: Dodged            ||    62
       Rpst.: Long sword ||    21

Table legend: (Time is in decaauts)
 A = Elapsed time spent in this place.
 B = Non-inter-level travel time spent in this place.
 C = Inter-level travel time spent in this place.
 D = Time resting spent in this place.
 E = Time spent auto-exploring this place.
 F = Levels seen in this place.
 G = Mean time per level.
                   A        B        C        D        E       F      G
               +--------+--------+--------+--------+--------+-----+--------+
         Total |   1068 |   1035 |     33 |    155 |    660 |   2 |  534.0 |
       Dungeon |   1068 |   1035 |     33 |    155 |    660 |   2 |  534.0 |
               +--------+--------+--------+--------+--------+-----+--------+

Top non-repeatable levels by time:
     D:1: 726 daAuts
     D:2: 342 daAuts
